 Dungeon Crawl Stone Soup version 0.31-a0-202-g547052bce9 (webtiles) character file.

Game seed: 2961517064718455713

2401 qw the Skirmisher (level 9, -5/52 HPs)
             Began as a Deep Elf Hunter on June 26, 2023.
             Was an Initiate of Okawaru.
             Succumbed to a water moccasin's poison
             ... on level 6 of the Dungeon.
             The game lasted 00:02:39 (5563 turns).

qw the Skirmisher (Deep Elf Hunter)                 Turns: 5563, Time: 00:02:40

Health: -5/52      AC:  9    Str: 12    XL:     9   Next: 23%
Magic:  11/11      EV: 14    Int: 15    God:    Okawaru [......]
Gold:   152        SH:  5    Dex: 24    Spells: 8/8 levels left

rFire   . . .        i - +0 shortbow (heavy)
rCold   . . .        (shield currently unavailable)
rNeg    . . .        g - +0 ring mail
rPois   .            j - +0 helmet
rElec   .            m - +0 cloak
rCorr   .            b - +1 pair of gloves {Stlth+}
SInv    +            (no boots)
Will    .....        h - amulet of reflection
Stlth   +++          e - +6 ring of dexterity
HPRegen 0.28/turn    q - ring of see invisible
MPRegen 0.12/turn

%: reflection
@: lethally poisoned (-5 -> -35), about to teleport
A: no striking features
a: Renounce Religion


You were on level 6 of the Dungeon.
You worshipped Okawaru.
Okawaru was noncommittal.
You visited 2 branches of the dungeon, and saw 8 of its levels.

You collected 357 gold pieces.
You spent 205 gold pieces at shops.


   Skills:
 + Level 3.7 Fighting
 - Level 14.0 Ranged Weapons
 - Level 2.7 Armour
 - Level 6.0 Dodging
 - Level 1.2 Stealth


You had 8 spell levels left.
You didn't know any spells.
Your spell library was empty.

Inventory:

Hand Weapons
 i - a +0 heavy shortbow (weapon)
Armour
 b - a +1 pair of gloves of stealth (worn)
 g - a +0 ring mail (worn)
 j - a +0 helmet (worn)
 m - a +0 cloak (worn)
Jewellery
 e - a +6 ring of dexterity (left hand)
 f - a ring of fire
 h - an amulet of reflection (around neck)
 q - a ring of see invisible (right hand)
Scrolls
 o - a scroll of brand weapon
 r - a scroll of identify
 s - a scroll of teleportation
Potions
 a - 2 potions of haste
 c - 5 potions of curing
 d - a potion of resistance {unknown}
 k - a potion of magic {unknown}
 l - a potion of invisibility {unknown}
 n - a potion of enlightenment {unknown}
 u - a potion of mutation {unknown}

Dungeon Overview and Level Annotations

Branches:
Dungeon (7/15)             Temple (1/1) D:6

Altars:
Ashenzari
Cheibriados
Dithmenos
Fedhas
Gozag
Hepliaklqana
Kikubaaqudgha
Makhleb
Nemelex Xobeh
Okawaru
Qazlal
Sif Muna
Trog
Uskayaw
Vehumet
Wu Jian
Yredelemnul
Zin

Shops:
D:2 (   D:4 ?((=(

Annotations:
D:3 3 runed translucent doors, qw's ghost, amateur DEHu
D:4 3 runed translucent doors, qw's ghost, amateur DEHu
D:6 2 runed translucent doors, qw's ghost, novice GrFi


Message History

You shoot an arrow. The arrow hits the water moccasin.
The water moccasin is severely wounded.
You feel very sick. The killer bee stings you.
You block the killer bee's attack. The water moccasin closely misses you.
The orc wizard hits you but does no damage.
The killer bee barely misses you. You block the killer bee's attack.
The water moccasin bites you but does no damage.
You shoot an arrow.
The arrow closely misses the water moccasin.
You feel very sick.
The killer bee stings you but does no damage.
The killer bee closely misses you.
The killer bee stings you but does no damage.
The killer bee stings you.
The orc wizard hits you but does no damage.
You block the water moccasin's attack. The killer bee misses you.
The killer bee stings you but does no damage.
The orc wizard closely misses you.
5561 ||| READING 2 scrolls of teleportation.
As you read the scroll of teleportation, it crumbles to dust.
You feel strangely unstable.
You feel sick. The water moccasin bites you.
You are more poisoned.
The water moccasin poisons you! You block the killer bee's attack.
The killer bee barely misses you. The water moccasin bites you.
You are more poisoned.
The water moccasin poisons you! The killer bee barely misses you.
You block the killer bee's attack.
The orc wizard hits you with a +0 dagger.
5562 ||| DRINKING potion of heal wounds.
You feel much better.
You feel extremely sick.
The killer bee stings you. x2; The water moccasin bites you.
The orc wizard hits you with a +0 dagger.
The killer bee stings you but does no damage.
The killer bee closely misses you.
You shoot an arrow. The arrow hits the water moccasin.
The water moccasin is severely wounded.
You die...

#^.#...##...#.......##.......#...
.#..#..##..#........##.#.########
##...#....#.........##...........
#.....#..#....##.................
...##..##..##..#####.....#######.
...##..##..##..###.......##......
......#..#......[#.......##.#....
.....#....#....Sy...........#....
.#..#..##..#...o@y#.........#.)..
.#.#...##...#..####.........#....
###..........### #.#.......#....
#.##.#.##### #(#.......#)...
#......# #.#######......
####.######## #.# #######
#........# #.# #.######.# #.#
#..#####.#####.#############


You could see a water moccasin, 2 killer bees and an orc wizard (invisible).

Vanquished Creatures
  A troll (D:5)
  Grinder (D:3)
  Sigmund (D:3)
  A water moccasin (D:5)
  An ice beast (D:6)
  A sky beast (D:3)
  5 ogres
  3 phantoms
  2 scorpions
  3 wights (D:6)
  A killer bee (D:7)
  A howler monkey (D:4)
  2 jellies (D:6)
  3 hounds
  Terence (D:2)
  Natasha (thrice) (D:2)
  An orc wizard (D:6)
  Robin (D:2)
  8 adders
  5 gnolls
  A shadow imp (D:6)
  2 dart slugs (D:2)
  30 orcs
  7 endoplasms
  A giant cockroach (D:2)
  9 goblins
  6 hobgoblins
  3 jackals
  A quokka (D:4)
  6 ball pythons
  4 bats
  3 frilled lizards
  5 kobolds
  2 rats (D:1)
125 creatures vanquished.

Notes
Turn   | Place    | Note
-------+----------+-------------------------------------------
     0 | D:1      | qw the Deep Elf Hunter began the quest for the Orb.
     0 | D:1      | Reached XP level 1. HP: 12/12 MP: 3/3
     0 | D:1      | 0 ||| qw: Version: 0.3-a-22-g0ed2b0b
     0 | D:1      | 0 ||| qw: Game counter: 6224
     0 | D:1      | 0 ||| qw: Melee chars always use a shield: true
     0 | D:1      | 0 ||| qw: God list: Okawaru
     0 | D:1      | 0 ||| qw: Allow faded altars: false
     0 | D:1      | 0 ||| qw: Do Orc after clearing Dungeon:15 true
     0 | D:1      | 0 ||| qw: Do second Lair branch before Depths: true
     0 | D:1      | 0 ||| qw: Lair rune preference: random
     0 | D:1      | 0 ||| qw: Goals: Normal
     0 | D:1      | 0 ||| PLANNING D:1-11
   435 | D:1      | Reached skill level 6 in Ranged Weapons
   435 | D:1      | Reached XP level 2. HP: 16/16 MP: 4/4
   795 | D:1      | 795 ||| UPGRADING to +0 ring mail.
   805 | D:1      | 805 ||| DROPPING +0 leather armour.
   806 | D:1      | 806 ||| UPGRADING to +6 ring of dexterity.
   807 | D:1      | 807 ||| READING scroll labelled ILOPRE JIFAUT.
   808 | D:1      | 808 ||| READING scroll labelled ZIVEONL TOOSEU.
   812 | D:1      | 812 ||| DROPPING scroll of butterflies.
   894 | D:2      | Reached XP level 3. HP: 19/20 MP: 5/5
   896 | D:2      | Reached skill level 7 in Ranged Weapons
  1063 | D:2      | Noticed Natasha
  1068 | D:2      | Killed Natasha
  1069 | D:2      | Reached XP level 4. HP: 23/25 MP: 6/6
  1269 | D:2      | Noticed Terence
  1273 | D:2      | Killed Terence
  1274 | D:2      | Reached skill level 8 in Ranged Weapons
  1274 | D:2      | 1274 ||| FLEEEEING.
  1336 | D:2      | Noticed Natasha
  1337 | D:2      | Killed Natasha
  1338 | D:2      | Reached skill level 3 in Dodging
  1338 | D:2      | Reached XP level 5. HP: 29/29 MP: 7/7
  1522 | D:2      | Noticed Robin
  1530 | D:2      | Killed Robin
  1590 | D:2      | Noticed Natasha
  1592 | D:2      | Killed Natasha
  1624 | D:2      | Found Ysulef's Antique Weapon Emporium.
  1633 | D:2      | 1633 ||| SHOPLISTING scorched orcbow (246 gold, have 86).
  1777 | D:2      | 1777 ||| UPGRADING to +1 pair of gloves of stealth.
  1782 | D:2      | 1782 ||| UPGRADING to +0 helmet.
  1787 | D:2      | 1787 ||| READING 3 scrolls labelled GIBRAQUAXKOWIPS.
  1788 | D:2      | 1788 ||| DRINKING 2 murky pink potions.
  1789 | D:2      | 1789 ||| DROPPING 2 scrolls of immolation.
  1820 | D:3      | Noticed Sigmund
  1824 | D:3      | Killed Sigmund
  1825 | D:3      | Reached skill level 9 in Ranged Weapons
  1825 | D:3      | Reached XP level 6. HP: 34/34 MP: 8/8
  2228 | D:3      | Found a runed translucent gate.
  2228 | D:3      | Found a runed translucent gate.
  2236 | D:3      | Found a runed translucent gate.
  2239 | D:3      | Noticed qw's ghost (amateur DEHu)
  2304 | D:3      | Noticed Grinder
  2308 | D:3      | Paralysed by Grinder for 3 turns
  2315 | D:3      | Killed Grinder
  2316 | D:3      | Reached XP level 7. HP: 40/40 MP: 9/9
  2589 | D:3      | 2589 ||| UPGRADING to +0 cloak.
  2594 | D:3      | 2594 ||| UPGRADING to amulet of reflection.
  2599 | D:3      | 2599 ||| READING scroll labelled SEFERUSM QEASE.
  2637 | D:4      | Found a runed translucent gate.
  2637 | D:4      | Found a runed translucent gate.
  2637 | D:4      | Found a runed translucent gate.
  2645 | D:4      | Reached skill level 10 in Ranged Weapons
  2649 | D:4      | 2649 ||| STAIRDANCE
  2654 | D:3      | HP: 7/40 [something (5)]
  2655 | D:3      | 2655 ||| READING scroll of teleportation.
  2947 | D:4      | Found an opulent altar of Gozag.
  2947 | D:4      | Noticed qw's ghost (amateur DEHu)
  3069 | D:4      | Found Tina's Jewellery Shop.
  3077 | D:4      | 3077 ||| SHOPLISTING +4 ring of protection (360 gold, have
                  | 178).
  3077 | D:4      | 3077 ||| SHOPLISTING +4 ring of slaying (780 gold, have
                  | 178).
  3077 | D:4      | 3077 ||| SHOPLISTING amulet of Gozag's Envy {Drain rF+
                  | Regen+ Int+2 SInv} (468 gold, have 178).
  3077 | D:4      | 3077 ||| SHOPLISTING ring of protection from cold (250
                  | gold, have 178).
  3077 | D:4      | 3077 ||| SHOPLISTING ring of resist corrosion (200 gold,
                  | have 178).
  3077 | D:4      | 3077 ||| BUYING ring of see invisible (150 gold).
  3077 | D:4      | Bought a ring of see invisible for 150 gold pieces
  3132 | D:4      | Found Catuzaem's Antique Weapon Emporium.
  3136 | D:4      | 3136 ||| SHOPLISTING glowing shortbow (144 gold, have 59).
  3136 | D:4      | 3136 ||| SHOPLISTING runed orcbow (156 gold, have 59).
  3136 | D:4      | 3136 ||| SHOPLISTING runed sling (108 gold, have 59).
  3212 | D:4      | Found Sentikh's Weapon Shop.
  3223 | D:4      | Found Bupodoenn's Magic Scroll Emporium.
  3228 | D:4      | 3228 ||| SHOPLISTING scroll of enchant armour (82 gold,
                  | have 74).
  3228 | D:4      | 3228 ||| SHOPLISTING scroll of enchant weapon (82 gold,
                  | have 74).
  3228 | D:4      | 3228 ||| BUYING scroll of identify (22 gold).
  3228 | D:4      | Bought a scroll of identify for 22 gold pieces
  3228 | D:4      | 3228 ||| BUYING scroll of teleportation (33 gold).
  3228 | D:4      | Bought a scroll of teleportation for 33 gold pieces
  3228 | D:4      | 3228 ||| SHOPLISTING scroll of teleportation (33 gold, have
                  | 19).
  3248 | D:4      | Found Wuurrouky's Weapon Emporium.
  3251 | D:4      | 3251 ||| SHOPLISTING +2 arbalest of electrocution (324
                  | gold, have 19).
  3335 | D:4      | 3335 ||| UPGRADING to ring of see invisible.
  3336 | D:4      | 3336 ||| READING scroll labelled IQAUSO EMOCW.
  3337 | D:4      | 3337 ||| READING scroll labelled WIUNIPHORUJ.
  3338 | D:4      | 3338 ||| READING scroll labelled RUEMAHUZECK.
  3339 | D:4      | 3339 ||| READING 2 scrolls of identify.
  3339 | D:4      | 3339 ||| IDENTIFYING dark potion
  3342 | D:4      | 3342 ||| Stepping ~*~*~tactically~*~*~ (cloud).
  3454 | D:5      | Entered Level 5 of the Dungeon
  3467 | D:5      | Reached skill level 11 in Ranged Weapons
  3493 | D:5      | Reached XP level 8. HP: 31/44 MP: 10/10
  3497 | D:5      | 3497 ||| FLEEEEING.
  3498 | D:5      | 3498 ||| FLEEEEING.
  3595 | D:5      | Reached skill level 12 in Ranged Weapons
  3748 | D:5      | Reached skill level 3 in Fighting
  3780 | D:5      | Noticed a troll
  3785 | D:5      | Killed a troll
  3786 | D:5      | Reached skill level 6 in Dodging
  3997 | D:5      | Found a broken altar of Ashenzari.
  3998 | D:5      | Found a stormy altar of Qazlal.
  4137 | D:5      | 4137 ||| READING scroll labelled NOYNUOW DIFEAL.
  4138 | D:5      | 4138 ||| DRINKING 2 fizzy amethyst potions.
  4139 | D:5      | 4139 ||| DROPPING potion of brilliance.
  4225 | D:6      | Reached skill level 13 in Ranged Weapons
  4263 | D:6      | 4263 ||| FLEEEEING.
  4264 | D:6      | 4264 ||| FLEEEEING.
  4265 | D:6      | 4265 ||| FLEEEEING.
  4343 | D:6      | Found a runed translucent door.
  4386 | D:6      | Found a glowing silver altar of Zin.
  4414 | D:6      | Reached XP level 9. HP: 50/50 MP: 11/11
  4449 | D:6      | Found a runed translucent door.
  4557 | D:6      | Noticed qw's ghost (novice GrFi)
  4559 | D:6      | Found a staircase to the Ecumenical Temple.
  4560 | D:6      | 4560 ||| PLANNING TEMPLE
  4560 | D:6      | 4560 ||| READING scroll labelled YXODUME BATOEPN.
  4570 | Temple   | Entered the Ecumenical Temple
  4632 | Temple   | 4632 ||| PLANNING OKAWARU WORSHIP
  4714 | Temple   | Became a worshipper of Warmaster Okawaru
  4715 | Temple   | 4715 ||| PLANNING D:1-11
  4747 | D:6      | Reached skill level 14 in Ranged Weapons
  5474 | D:6      | 5474 ||| Stepping randomly (stuck).
  5492 | D:7      | 5492 ||| STAIRDANCE
  5557 | D:7      | 5557 ||| STAIRDANCE
  5560 | D:6      | HP: 13/52 [poisoned by a water moccasin]
  5561 | D:6      | 5561 ||| READING 2 scrolls of teleportation.
  5561 | D:6      | HP: 5/52 [water moccasin (5)]
  5562 | D:6      | 5562 ||| DRINKING potion of heal wounds.
  5562 | D:6      | HP: 2/52 [orc wizard/+0 dagger (1)]
  5563 | D:6      | Succumbed to a water moccasin's poison

Levels and vault maps discovered:
D:1:      dpeg_arrival_ternary, layout_loops_corners, minmay_tetromino_i2
D:2:      layout_basic, serial_shops, shop, uniq_robin, uniq_natasha,
          uniq_terence
D:3:      layout_basic, gammafunk_ghost_necromancy, minmay_stone_trees_medium,
          uniq_sigmund, uniq_grinder
D:4:      layout_rooms, ebering_ghost_gozag, serial_shops,
          nicolae_shop_hallway_plus, nicolae_shop_getting_attention,
          nicolae_shop_pleasant_corner_grove,
          nicolae_shop_pleasant_corner_grove, shop
D:5:      layout_basic, mainiacjoe_overflow_divided_tiny
D:6:      layout_basic, mainiacjoe_overflow_boulevard,
          minmay_temple_entry_purple_smoke, ebering_ghost_sewer_f,
          minmay_misc_feat_nine_boxes, minivault_26
D:7:      layout_cave_pools
Temple:   nicolae_temple_superstar

Skill      XL: |  1  2  3  4  5  6  7  8  9 |
---------------+----------------------------+-----
Ranged Weapons | 6 7 8 9 11 13 14 | 14.0
Dodging        | 3 4 6 |  6.0
Fighting       | 2 3 |  3.7
Armour         | 2 |  2.7
Stealth        | |  1.2

Action                     |  1- 3 |  4- 6 |  7- 9 || total
---------------------------+-------+-------+-------++-------
   Fire: Shortbow          |    59 |    85 |   213 ||   357
    Use: Scroll            |     2 |     1 |     9 ||    12
         Potion            |       |     1 |     2 ||     3
 Armour: Leather armour    |     5 |       |       ||     5
         Ring mail         |     4 |    10 |    65 ||    79
  Dodge: Dodged            |    20 |    15 |    94 ||   129
  Block: Other             |       |       |    35 ||    35

Table legend:
 A = Non-vault XP
 B = Vault XP
 C = Vault XP percentage of total XP
 D = Non-vault monster count
 E = Vault monster count
 F = Vault count percentage of total count
                 A         B        C        D         E       F
            +---------+---------+-------+---------+---------+-------
      Total |    2824 |     606 |  17.7 |     112 |      13 |  10.4
            +---------+---------+-------+---------+---------+-------
        D:1 |      27 |       3 |  10.0 |      10 |       2 |  16.7
        D:2 |     149 |     100 |  40.2 |      18 |       9 |  33.3
        D:3 |     183 |     503 |  73.3 |      22 |       2 |   8.3
        D:4 |     207 |       0 |   0.0 |      13 |       0 |   0.0
        D:5 |    1296 |       0 |   0.0 |      30 |       0 |   0.0
        D:6 |     900 |       0 |   0.0 |      17 |       0 |   0.0
        D:7 |      62 |       0 |   0.0 |       2 |       0 |   0.0
            +---------+---------+-------+---------+---------+-------
